TOP OF THE 1ST |
Hickory Crawdads batting - Pitching for Cedar Rapids Kernels : RHP Orlando Guapo
|
Pitching: RHP Orlando Guapo
|
|
Batting: RHB Joe Kemp
|
0-0: Ball 1-0: Foul Ball, location: 2F 1-1: SOLO HOME RUN (Flyball, 78XD, EV 100.0 MPH), Distance : 391 ft
|
Batting: SHB David Simpson
|
0-0: Ball 1-0: Ball 2-0: Called Strike 2-1: Called Strike 2-2: Ball 3-2: Fly out, F8 (Flyball, 8RM, EV 76.2 MPH)
|
Batting: LHB Gabriel Graves
|
0-0: Ball 1-0: Fly out, F5 (Popup, 6S, EV 83.8 MPH)
|
Batting: RHB Jason Keller
|
0-0: Ball 1-0: Foul Ball, location: 2F 1-1: Foul Ball, location: 2F 1-2: Foul Ball, location: 2F 1-2: Ball 2-2: Ball 3-2: Base on Balls
|
Batting: RHB Dale Aubrey
|
0-0: Ball 1-0: Called Strike Jason Keller steals 2nd base (no throw) 1-1: Ground out 6-3 (Groundball, 6, EV 92.5 MPH)
|
Top of the 1st over - 1 run, 1 hit, 0 errors, 1 left on base; Hickory 1 - Cedar Rapids 0 |
BOTTOM OF THE 1ST |
Cedar Rapids Kernels batting - Pitching for Hickory Crawdads : LHP Steve Calhoon
|
Pitching: LHP Steve Calhoon
|
|
Batting: SHB Matt Urbani
|
0-0: Foul Ball, location: 2F 0-1: Fly out, F4 (Line Drive, 4, EV 61.2 MPH)
|
Batting: SHB Ian Thompson
|
0-0: Ball 1-0: Ball 2-0: Ball 3-0: Called Strike 3-1: Swinging Strike 3-2: SINGLE (Groundball, 4MD, EV 103.1 MPH)
|
Batting: RHB Ryan Gautney
|
0-0: Ball 1-0: Foul Ball, location: 2F 1-1: Called Strike 1-2: Foul Ball, location: 2F 1-2: Foul Ball, location: 2F 1-2: Fly out, F7 (Line Drive, 7S, EV 98.8 MPH)
|
Batting: RHB Cyril Husson
|
0-0: Ball 1-0: Ball 2-0: Fielders Choice at 2nd, U6 (Groundball, 6M, EV 105.6 MPH)
|
Bottom of the 1st over - 0 runs, 1 hit, 0 errors, 1 left on base; Hickory 1 - Cedar Rapids 0 |
TOP OF THE 2ND |
Hickory Crawdads batting - Pitching for Cedar Rapids Kernels : RHP Orlando Guapo
|
Batting: RHB Luke Stark
|
0-0: Ball 1-0: Ground out 5-3 (Groundball, 5, EV 83.8 MPH)
|
Batting: LHB Mike Sammons
|
0-0: Ball 1-0: Ground out U3 (Groundball, 34S, EV 85.0 MPH)
|
Batting: RHB Stephen Charbonneau
|
0-0: Called Strike 0-1: Fly out, F3 (Line Drive, 3L, EV 64.4 MPH)
|
Top of the 2nd over - 0 runs, 0 hits, 0 errors, 0 left on base; Hickory 1 - Cedar Rapids 0 |
BOTTOM OF THE 2ND |
Cedar Rapids Kernels batting - Pitching for Hickory Crawdads : LHP Steve Calhoon
|
Batting: RHB Tony Crespo
|
0-0: Ball 1-0: Swinging Strike 1-1: DOUBLE (Flyball, 89D, EV 104.4 MPH)
|
Batting: LHB David Campbell
|
0-0: Ball 1-0: Called Strike 1-1: Foul Ball, location: 2F 1-2: Ground out 6-3 (Groundball, 6, EV 87.5 MPH) Tony Crespo to third
|
Batting: RHB Rick Kendall
|
0-0: Ball 1-0: Ball 2-0: Foul Ball, location: 2F 2-1: Swinging Strike 2-2: Foul Ball, location: 2F 2-2: Strikes out swinging
|
Batting: RHB Jeremy Witt
|
0-0: Called Strike 0-1: Called Strike 0-2: Ground out 4-3 (Groundball, 34, EV 105.0 MPH)
|
Bottom of the 2nd over - 0 runs, 1 hit, 0 errors, 1 left on base; Hickory 1 - Cedar Rapids 0 |
TOP OF THE 3RD |
Hickory Crawdads batting - Pitching for Cedar Rapids Kernels : RHP Orlando Guapo
|
Batting: RHB Isaiah Yarbrough
|
0-0: Ball 1-0: Foul Ball, location: 2F 1-1: SINGLE (Groundball, P, EV 86.9 MPH) (infield hit)
|
Batting: RHB Joe Kemp
|
0-0: Ball Isaiah Yarbrough steals 2nd base 1-0: Foul Ball, location: 2F 1-1: Called Strike 1-2: Ground out 4-3 (Groundball, 4, EV 81.2 MPH) Isaiah Yarbrough to third
|
Batting: SHB David Simpson
|
0-0: Ball 1-0: Ball 2-0: Swinging Strike 2-1: Foul Ball, location: 2F 2-2: Foul Ball, location: 2F 2-2: Strikes out swinging
|
Batting: LHB Gabriel Graves
|
0-0: Ball 1-0: Ball 2-0: Fly out, F7 (Flyball, 7, EV 86.2 MPH)
|
Top of the 3rd over - 0 runs, 1 hit, 0 errors, 1 left on base; Hickory 1 - Cedar Rapids 0 |
BOTTOM OF THE 3RD |
Cedar Rapids Kernels batting - Pitching for Hickory Crawdads : LHP Steve Calhoon
|
Batting: RHB Ricky Pizarro
|
0-0: Ball 1-0: Foul Ball, location: 2F 1-1: Swinging Strike 1-2: Fly out, F8 (Flyball, 8LD, EV 86.9 MPH)
|
Batting: SHB Matt Urbani
|
0-0: Ball 1-0: Ball 2-0: Ball 3-0: Base on Balls
|
Batting: SHB Ian Thompson
|
0-0: Foul Ball, location: 2F 0-1: Swinging Strike 0-2: Foul Ball, location: 2F 0-2: Strikes out looking
|
Batting: RHB Ryan Gautney
|
0-0: Ball Matt Urbani is caught stealing 2nd base 2-4
|
Bottom of the 3rd over - 0 runs, 0 hits, 0 errors, 0 left on base; Hickory 1 - Cedar Rapids 0 |
TOP OF THE 4TH |
Hickory Crawdads batting - Pitching for Cedar Rapids Kernels : RHP Orlando Guapo
|
Batting: RHB Jason Keller
|
0-0: Called Strike 0-1: Foul Ball, location: 2F 0-2: Ball 1-2: Strikes out swinging
|
Batting: RHB Dale Aubrey
|
0-0: Called Strike 0-1: Ball 1-1: Ground out 4-3 (Groundball, 4, EV 83.8 MPH)
|
Batting: RHB Luke Stark
|
0-0: Called Strike 0-1: Ground out 6-3 (Groundball, 6, EV 85.0 MPH)
|
Top of the 4th over - 0 runs, 0 hits, 0 errors, 0 left on base; Hickory 1 - Cedar Rapids 0 |
BOTTOM OF THE 4TH |
Cedar Rapids Kernels batting - Pitching for Hickory Crawdads : LHP Steve Calhoon
|
Batting: RHB Ryan Gautney
|
0-0: SINGLE (Groundball, 6D, EV 103.8 MPH)
|
Batting: RHB Cyril Husson
|
0-0: Foul Ball, location: 2F 0-1: Ball 1-1: Called Strike 1-2: Ball 2-2: Ball 3-2: SINGLE (Line Drive, 34, EV 100.0 MPH) Ryan Gautney to second Runner from 2nd tries for 3rd, SAFE, throw by RF made to third
|
Batting: RHB Tony Crespo
|
0-0: Called Strike Cyril Husson steals 2nd base 0-1: Ball 1-1: Ball 2-1: Swinging Strike 2-2: Foul Ball, location: 2F 2-2: Strikes out swinging
|
Batting: LHB David Campbell
|
0-0: Foul Ball, location: 2F 0-1: Ground out 4-3 (Groundball, 34D, EV 84.4 MPH) Ryan Gautney scores Cyril Husson to third
|
Batting: RHB Rick Kendall
|
0-0: Foul Ball, location: 2F 0-1: Called Strike 0-2: Strikes out looking
|
Bottom of the 4th over - 1 run, 2 hits, 0 errors, 1 left on base; Hickory 1 - Cedar Rapids 1 |
TOP OF THE 5TH |
Hickory Crawdads batting - Pitching for Cedar Rapids Kernels : RHP Orlando Guapo
|
Batting: LHB Mike Sammons
|
0-0: Called Strike 0-1: Ball 1-1: Ball 2-1: SINGLE (Line Drive, 7S, EV 100.0 MPH)
|
Batting: RHB Stephen Charbonneau
|
0-0: Ball 1-0: Swinging Strike 1-1: Foul Ball, location: 2F 1-2: Ball 2-2: Ball 3-2: Strikes out looking
|
Batting: RHB Isaiah Yarbrough
|
0-0: Ball 1-0: Ball 2-0: Ball 3-0: Base on Balls Mike Sammons to second
|
Batting: RHB Joe Kemp
|
0-0: Ball 1-0: Called Strike 1-1: Foul Ball, location: 2F 1-2: Ball 2-2: Strikes out swinging
|
Batting: SHB David Simpson
|
0-0: Ball 1-0: Foul Ball, location: 2F 1-1: Foul Ball, location: 2F 1-2: Ball 2-2: Strikes out swinging
|
Top of the 5th over - 0 runs, 1 hit, 0 errors, 2 left on base; Hickory 1 - Cedar Rapids 1 |
BOTTOM OF THE 5TH |
Cedar Rapids Kernels batting - Pitching for Hickory Crawdads : LHP Steve Calhoon
|
Batting: RHB Jeremy Witt
|
0-0: Ball 1-0: Foul Ball, location: 2F 1-1: Swinging Strike 1-2: Foul Ball, location: 2F 1-2: Ground out 6-3 (Groundball, 6M, EV 89.4 MPH)
|
Batting: RHB Ricky Pizarro
|
0-0: Swinging Strike 0-1: Foul Ball, location: 2F 0-2: Strikes out looking
|
Batting: SHB Matt Urbani
|
0-0: Ball 1-0: Called Strike 1-1: Ball 2-1: Ball 3-1: Fly out, F7 (Flyball, 78M, EV 82.5 MPH)
|
Bottom of the 5th over - 0 runs, 0 hits, 0 errors, 0 left on base; Hickory 1 - Cedar Rapids 1 |
TOP OF THE 6TH |
Hickory Crawdads batting - Pitching for Cedar Rapids Kernels : RHP Orlando Guapo
|
Batting: LHB Gabriel Graves
|
0-0: Called Strike 0-1: Fly out, F7 (Flyball, 78S, EV 92.5 MPH)
|
Batting: RHB Jason Keller
|
0-0: Called Strike 0-1: Called Strike 0-2: Foul Ball, location: 2F 0-2: Ball 1-2: Ball 2-2: Foul Ball, location: 2F 2-2: SINGLE (Line Drive, 6M, EV 96.2 MPH)
|
Batting: RHB Dale Aubrey
|
0-0: Ball Jason Keller steals 2nd base 1-0: Ball 2-0: Ball 3-0: Called Strike 3-1: SINGLE (Groundball, 6, EV 95.6 MPH) Jason Keller to third Runner from 3rd tries for Home, throw by CF and OUT! 8-2
|
Batting: RHB Luke Stark
|
0-0: Called Strike 0-1: Ball Dale Aubrey steals 2nd base 1-1: Swinging Strike 1-2: Ball Passed Ball! Dale Aubrey to third 2-2: Foul Ball, location: 2F 2-2: Ground out 5-3 (Groundball, 25, EV 88.8 MPH)
|
Top of the 6th over - 0 runs, 2 hits, 0 errors, 1 left on base; Hickory 1 - Cedar Rapids 1 |
BOTTOM OF THE 6TH |
Cedar Rapids Kernels batting - Pitching for Hickory Crawdads : LHP Steve Calhoon
|
Batting: SHB Ian Thompson
|
0-0: Ball 1-0: Ball 2-0: Foul Ball, location: 2F 2-1: Ground out U3 (Groundball, 3S, EV 92.5 MPH)
|
Batting: RHB Ryan Gautney
|
0-0: Called Strike 0-1: Ball 1-1: Ball 2-1: Ball 3-1: Foul Ball, location: 2F 3-2: Foul Ball, location: 2F 3-2: Base on Balls
|
Batting: RHB Cyril Husson
|
0-0: Ball 1-0: Called Strike 1-1: Swinging Strike 1-2: Ball 2-2: Ball 3-2: Foul Ball, location: 2F 3-2: Foul Ball, location: 2F 3-2: Strikes out swinging
|
Batting: RHB Tony Crespo
|
0-0: Ball 1-0: Ball 2-0: Called Strike 2-1: Foul Ball, location: 2F 2-2: 2-RUN HOME RUN (Flyball, 7LD, EV 93.1 MPH), Distance : 343 ft
|
Batting: LHB David Campbell
|
0-0: Called Strike 0-1: Ground out U3 (Groundball, 34S, EV 86.9 MPH)
|
Bottom of the 6th over - 2 runs, 1 hit, 0 errors, 0 left on base; Hickory 1 - Cedar Rapids 3 |
TOP OF THE 7TH |
Hickory Crawdads batting - Pitching for Cedar Rapids Kernels : RHP Orlando Guapo
|
Batting: LHB Mike Sammons
|
0-0: Called Strike 0-1: Ball 1-1: Foul Ball, location: 2F 1-2: Strikes out looking
|
Pitching: RHP Bruce Wight
|
|
Pinch Hitting: SHB Kaname Fujimoto
|
0-0: Ball 1-0: Swinging Strike 1-1: SOLO HOME RUN (Flyball, 89XD, EV 104.4 MPH), Distance : 408 ft
|
Batting: RHB Isaiah Yarbrough
|
0-0: Ball 1-0: Ball 2-0: Foul Ball, location: 2F 2-1: SINGLE (Line Drive, 89M, EV 88.1 MPH)
|
Batting: RHB Joe Kemp
|
0-0: Reached on error, E6 (Groundball, 6, EV 87.5 MPH) Isaiah Yarbrough to second
|
Batting: SHB David Simpson
|
0-0: Foul Ball, location: 2F 0-1: Ball 1-1: Swinging Strike 1-2: Strikes out swinging
|
Pitching: LHP Josh Armstrong
|
|
Batting: RHB Chance Lamb
|
0-0: Swinging Strike 0-1: Ball 1-1: Ground out 1-3 (Groundball, 13S, EV 65.6 MPH)
|
Top of the 7th over - 1 run, 2 hits, 1 error, 2 left on base; Hickory 2 - Cedar Rapids 3 |
BOTTOM OF THE 7TH |
Cedar Rapids Kernels batting - Pitching for Hickory Crawdads : LHP Steve Calhoon
|
Now at SS: Scott King
|
|
Batting: RHB Rick Kendall
|
0-0: Called Strike 0-1: Ball 1-1: SINGLE (Groundball, 34S, EV 66.9 MPH) (infield hit)
|
Pitching: RHP Ryan Jones
|
|
Batting: RHB Jeremy Witt
|
0-0: Bunted foul 0-1: Sac Bunt to 13 - play at first, batter OUT! 1-3 Rick Kendall to second
|
Batting: RHB Ricky Pizarro
|
0-0: Called Strike 0-1: Foul Ball, location: 2F 0-2: Ball 1-2: Strikes out looking
|
Batting: SHB Matt Urbani
|
0-0: Called Strike 0-1: Foul Ball, location: 2F 0-2: Ball 1-2: Strikes out looking
|
Bottom of the 7th over - 0 runs, 1 hit, 0 errors, 1 left on base; Hickory 2 - Cedar Rapids 3 |
TOP OF THE 8TH |
Hickory Crawdads batting - Pitching for Cedar Rapids Kernels : LHP Josh Armstrong
|
Pitching: LHP John Pedlar
|
|
Batting: RHB Jason Keller
|
0-0: Swinging Strike 0-1: Ball 1-1: Ball 2-1: SINGLE (Line Drive, 78M, EV 86.9 MPH)
|
Batting: RHB Dale Aubrey
|
0-0: Ball 1-0: Ball 2-0: Called Strike 2-1: Ball 3-1: Called Strike 3-2: Fielders Choice at 2nd, 6-4 (Groundball, 6S, EV 87.5 MPH)
|
Batting: RHB Luke Stark
|
0-0: Called Strike 0-1: Ball Dale Aubrey is caught stealing 2nd base 2-4 1-1: SINGLE (Groundball, 56, EV 108.1 MPH) (infield hit)
|
Batting: LHB Mike Sammons
|
0-0: Ground out 4-3 (Groundball, 34, EV 105.6 MPH)
|
Top of the 8th over - 0 runs, 2 hits, 0 errors, 1 left on base; Hickory 2 - Cedar Rapids 3 |
BOTTOM OF THE 8TH |
Cedar Rapids Kernels batting - Pitching for Hickory Crawdads : RHP Ryan Jones
|
Batting: SHB Ian Thompson
|
0-0: Called Strike 0-1: Called Strike 0-2: Ball 1-2: Foul Ball, location: 2F 1-2: SOLO HOME RUN (Flyball, 89XD, EV 108.1 MPH), Distance : 403 ft
|
Batting: RHB Ryan Gautney
|
0-0: Called Strike 0-1: Ball 1-1: Foul Ball, location: 2F 1-2: Ball 2-2: Foul Ball, location: 2F 2-2: Ball 3-2: SINGLE (Groundball, 56S, EV 72.5 MPH) (infield hit)
|
Batting: RHB Cyril Husson
|
0-0: Ball 1-0: Called Strike 1-1: Ball 2-1: Ball Ryan Gautney is caught stealing 2nd base 2-4 3-1: SINGLE (Groundball, 56D, EV 101.2 MPH)
|
Batting: RHB Tony Crespo
|
0-0: Ball 1-0: Foul Ball, location: 2F 1-1: Called Strike 1-2: Grounds into double play, 5-4-3 (Groundball, 5, EV 109.4 MPH)
|
Bottom of the 8th over - 1 run, 3 hits, 0 errors, 0 left on base; Hickory 2 - Cedar Rapids 4 |
TOP OF THE 9TH |
Hickory Crawdads batting - Pitching for Cedar Rapids Kernels : LHP John Pedlar
|
Pitching: RHP Matt Lundy
|
|
Batting: RHB Scott King
|
0-0: Foul Ball, location: 2F 0-1: Ground out 4-3 (Groundball, 4M, EV 82.5 MPH)
|
Pinch Hitting: LHB Helge Jivotovsky
|
0-0: Called Strike 0-1: Foul Ball, location: 2F 0-2: Ball 1-2: Ball 2-2: Strikes out looking
|
Batting: RHB Joe Kemp
|
0-0: Ball 1-0: Called Strike 1-1: Ball 2-1: Foul Ball, location: 2F 2-2: Foul Ball, location: 2F 2-2: SINGLE (Groundball, 34D, EV 108.8 MPH)
|
Batting: SHB David Simpson
|
0-0: Ball 1-0: Ball 2-0: Ball 3-0: Foul Ball, location: 2F 3-1: Base on Balls Joe Kemp to second
|
Batting: RHB Chance Lamb
|
0-0: Called Strike 0-1: Ground out 3-1 (Groundball, 34S, EV 87.5 MPH)
|
Top of the 9th over - 0 runs, 1 hit, 0 errors, 2 left on base; Hickory 2 - Cedar Rapids 4 |
|